 Seeded DCSS version 0.29.1-12-g30fa7ad0bf (webtiles) character file.

Game seed: 3167481066243502733 (custom seed)

539316 Pooter the Axe Maniac (level 24, -8/357 HPs)
             Began as a Minotaur Berserker on Dec 16, 2022.
             Was a High Priest of Trog.
             Mangled by a white draconian
             ... wielding a +0 mace
             ... led by a black draconian knight
              (15 damage)
             ... on level 1 of the Realm of Zot on Dec 19, 2022.
             The game lasted 07:33:42 (104116 turns).

Pooter the Axe Maniac (Minotaur Berserker)        Turns: 104116, Time: 07:33:43

Health: -8/357     AC: 27    Str: 29    XL:     24   Next: 68%
Magic:  1/31       EV: 15    Int: 21    God:    Trog [*****.]
Gold:   4407       SH:  5    Dex: 16    Spells: 23/23 levels left

rFire   + + .      SeeInvis .   a - +11 executioner's axe of Zin's Castigation {flame, *Noise *Slow rF+ Int+9}
rCold   + + .      Faith    .   (shield currently unavailable)
rNeg    . . .      Spirit   .   d - +8 ring mail of Patience {rElec Str+3 Int+3}
rPois   .          Reflect  +   J - +1 hat of Xom's Envy {Harm Rampage MP+9}
rElec   +          Harm     +   (no cloak)
rCorr   .          Rampage  +   j - +3 Mad Mage's Maulers {Infuse+∞ RegenMP Int-3}
Will    ++...                   L - +2 pair of boots {Fly}
Stlth   ..........              V - amulet of reflection
HPRegen 0.69/turn               F - ring of Migiq {rF+ rC++ Will+ Int+6}
MPRegen 0.62/turn               q - +4 ring of slaying

@: mighty, berserking, flying, slowed, constricted
A: horns 2, retaliatory headbutt, hooves 1, sense surroundings 1
}: 3/15 runes: decaying, silver, gossamer
a: Renounce Religion, Berserk, Trog's Hand, Brothers in Arms


You were on level 1 of the Realm of Zot.
You worshipped Trog.
Trog was extremely pleased with you.
You visited 11 branches of the dungeon, and saw 45 of its levels.
You also visited: Bailey, Gauntlet and Ice Cave.

You collected 6350 gold pieces.
You spent 1943 gold pieces at shops.

Inventory:

Hand Weapons
 a - the +11 executioner's axe of Zin's Castigation (weapon) {flame, *Noise *Slow rF+ Int+9}
   (You acquired it in a bailey)

   It burns those it strikes, dealing additional fire damage.
   Big, fiery blades are also staple armaments of hydra-hunters.
   Int:       It affects your intelligence (+9).
   rF:        It protects you from fire.
   *Noise:    It may make noises in combat.
   *Slow:     It may slow you when you take damage.
 b - a +6 arbalest of venom
   (You took it off an orc warrior on level 11 of the Dungeon)
 I - a +3 antimagic executioner's axe
   (Trog gifted it to you on level 1 of the Vaults)
 Y - a +7 spectral battleaxe
   (You took it off an orc warlord in a bailey)
Missiles
 y - 32 boomerangs (quivered)
 H - a curare-tipped dart
 S - 7 silver javelins
 T - 20 javelins
Armour
 d - the +8 ring mail of Patience (worn) {rElec Str+3 Int+3}
   (You found it on level 1 of the Swamp)

   Str:       It affects your strength (+3).
   Int:       It affects your intelligence (+3).
   rElec:     It insulates you from electricity.
 i - the +9 plate armour of Fedhas's Envy {Str+3}
   (You bought it in a shop on level 2 of the Orcish Mines)

   Str:       It affects your strength (+3).
 j - the +3 Mad Mage's Maulers (worn) {Infuse+∞ RegenMP Int-3}
   (You acquired it on level 3 of the Dungeon)

   It empowers its wearer's blows with all of their magic.
   It causes its wearer's magical reserves to regenerate more quickly.
   Int:       It affects your intelligence (-3).
 l - +3 gold dragon scales
   (You found it on level 3 of the Depths)
 A - a +0 cloak
   (You took it off a draconian monk on level 1 of the Realm of Zot)
 J - the +1 hat of Xom's Envy (worn) {Harm Rampage MP+9}
   (You acquired it on level 6 of the Dungeon)

   MP:        It affects your magic capacity (+9).
   Harm:      It increases damage dealt and taken.
   Rampage:   It bestows one free step when moving towards enemies.
 L - a +2 pair of boots of flying (worn)
   (You found it in a Gauntlet)
 X - a +0 cloak
   (You took it off a draconian scorcher on level 1 of the Realm of Zot)
Jewellery
 g - a +4 ring of evasion
   (You took it off a deep elf elementalist on level 3 of the Elven Halls)
 n - an amulet of regeneration
   (You found it on level 3 of the Dungeon)
 p - a +6 ring of strength
   (You took it off a necromancer on level 5 of the Lair of Beasts)
 q - a +4 ring of slaying (right hand)
   (You found it on level 2 of the Swamp)
 C - a ring of resist corrosion
   (You took it off an orc on level 4 of the Depths)
 F - the ring of Migiq (left hand) {rF+ rC++ Will+ Int+6}
   (You found it on level 3 of the Lair of Beasts)

   [ring of intelligence]

   Int:       It affects your intelligence (+6).
   rF:        It protects you from fire.
   rC:        It greatly protects you from cold.
   Will:      It increases your willpower.
 N - the ring "Meampat" {rPois SInv}
   (You took it off a minotaur in a Gauntlet)

   [ring of see invisible]

   rPois:     It protects you from poison.
   SInv:      It lets you see invisible.
 V - an amulet of reflection (around neck)
   (You found it in a Gauntlet)
Wands
 f - a wand of flame (142)
   (You found it on level 6 of the Dungeon)
 u - a wand of paralysis (14)
   (You found it on level 3 of the Dungeon)
 D - a wand of digging (7)
   (You found it on level 1 of the Elven Halls)
 E - a wand of roots (9)
   (You found it on level 5 of the Dungeon)
 O - a wand of polymorph (8)
   (You found it on level 6 of the Dungeon)
 R - a wand of mindburst (12)
   (You took it off an orc warrior on level 8 of the Dungeon)
 W - a wand of light (2)
   (You found it on level 7 of the Dungeon)
Scrolls
 c - 3 scrolls of fear
 e - 8 scrolls of fog
 s - a scroll of summoning
 t - 13 scrolls of teleportation {@r4}
 z - 4 scrolls of poison {!r}
 B - 9 scrolls of immolation {!r}
 U - 4 scrolls of silence
Potions
 k - a potion of cancellation
 m - 11 potions of mutation {!q}
 r - 7 potions of haste {@q3}
 v - 9 potions of curing {@q1}
 w - 3 potions of magic
 x - 3 potions of heal wounds {@q2}
 K - 10 potions of attraction {!q}
 M - 8 potions of flight
 P - 3 potions of might
 Z - 5 potions of resistance
Miscellaneous
 h - a condenser vane
   (You found it on level 2 of the Spider Nest)
 o - a phantom mirror
   (You found it on level 5 of the Lair of Beasts)
 G - a box of beasts
   (You found it on level 2 of the Spider Nest)
 Q - a tin of tremorstones (2/2)
   (You found it in a Gauntlet)


   Skills:
 + Level 24.2 Fighting
 O Level 27 Axes
 + Level 23.4 Ranged Weapons
 - Level 7.8 Throwing
 + Level 21.2 Armour
 - Level 12.2 Dodging
 - Level 10.0 Stealth
 + Level 16.0 Evocations


You had 23 spell levels left.
You didn't know any spells.
Your spell library was empty.

Dungeon Overview and Level Annotations

Branches:
Dungeon (15/15)            Temple (0/1) D:7            Lair (5/5) D:10
  Swamp (4/4) Lair:2       Spider (4/4) Lair:3        Slime (0/5) Lair:5
    Orc (2/2) D:11            Elf (3/3) Orc:2        Vaults (5/5) D:14
  Crypt (1/3) Vaults:2     Depths (4/4) D:15           Hell (visited)
    Zot (1/5) Depths:4     Bailey (visited)           IceCv (visited)
Gauntlet (visited)
    Dis: Hell:1         Geh: Hell:1         Coc: Hell:1         Tar: Hell:1

Altars:
Ashenzari
Cheibriados
Elyvilon
Hepliaklqana
Kikubaaqudgha
Nemelex Xobeh
Okawaru
Qazlal
Sif Muna
Xom
Yredelemnul
Jiyva

Shops:
D:11 [(   D:13 !   Orc:2 ![::   Elf:2 ::*

Portals:
Hell: Depths:1* Depths:2 Depths:3 Depths:4
Abyss: Depths:2 Depths:3
Pandemonium: Depths:1 Depths:2 Depths:4
Ziggurat: Depths:1

Annotations:
Elf:2 3 runed translucent doors
Vaults:3 3 runed translucent doors, 2 transporters, exclusion: obsidian statue, Nornya's ghost, veteran MfSu
Hell Geryon


Innate Abilities, Weirdness & Mutations

You have a pair of horns on your head.
You reflexively headbutt those who attack you in melee.
You have large cloven feet.
You passively map a small area around you.


Message History

The white draconian blinks!
The green draconian blinks!
The tentacled monstrosity tentacle-slaps you but does no damage.
The tentacled monstrosity closely misses you.
The tentacled monstrosity tentacle-slaps you.
* * * LOW HITPOINT WARNING * * *
The tentacled monstrosity constricts you.
* * * LOW HITPOINT WARNING * * *
The green draconian misses you.
The green draconian tail-slaps you but does no damage.
The storm dragon bites you but does no damage.
The storm dragon barely misses you.
The storm dragon tramples you but does no damage.
You slash the tentacled monstrosity! You burn the tentacled monstrosity.
* * * LOW MAGIC WARNING * * *
Your executioner's axe of Zin's Castigation growls menacingly.
You slash the storm dragon! You burn the storm dragon.
Your executioner's axe of Zin's Castigation complains about the scenery.
You slash the green draconian! You burn the green draconian!
You slash the white draconian! You burn the white draconian.
You slice the green draconian!! You burn the green draconian.
You hear a roar!
You hear a deafening roar!
The white draconian breathes frost at you.
The blast of cold hits you but does no damage.
The green draconian hits you with a +0 trident.
* * * LOW HITPOINT WARNING * * *
The green draconian misses you.
The tentacled monstrosity closely misses you.
The tentacled monstrosity tentacle-slaps you but does no damage. x2
The tentacled monstrosity constricts you.
* * * LOW HITPOINT WARNING * * *
The green draconian barely misses you. The green draconian misses you.
The storm dragon breathes lightning at you.
The bolt of lightning hits you! You resist.
* * * LOW HITPOINT WARNING * * *
The bolt of lightning misses you.
The bolt of lightning hits the storm dragon.
The storm dragon completely resists.
You slice the white draconian!! You burn the white draconian!
You headbutt the white draconian!! You closely miss the storm dragon.
You slice the green draconian!! You burn the green draconian!
You kill the green draconian!
Trog accepts your kill.
You slice the green draconian like a ripe choko!!!
You burn the green draconian.
You feel the power of Trog in you as your rage grows.
You kill the green draconian!
Trog accepts your kill.
You slash the tentacled monstrosity! You burn the tentacled monstrosity.
The white draconian hits you with a +0 mace!
You die...

* , ** , , ..^, * ,,, ,
,,,,###*.... . * ### , * ##.##..
.q ###≈### *, , * ,##.....**...
###§...≈### ,##### #....#, z..
#≈.......≈## *##...###.=†## q.
≈.........≈####.....##....#.# ,
..|.............d)...')..)..#
.....⌠.....§.8.)@X§..q.#...D.#*
.................D...'.##.d...#
≈.........≈####.....#######...d.#
#≈.......≈## ##...## .....#
###≈...≈### ##### ##.... ##'''##*
.... #...# * #.. , , ,


You could see a tentacled monstrosity, a storm dragon (catching breath), a white
draconian (catching breath) and a purple draconian shifter.

Vanquished Creatures
  3 ancient liches
  Mennas (Depths:4)
  A juggernaut (Depths:4)
  Vv (Crypt:1)
  Boris (twice) (Crypt:1 Vaults:3)
  Bai Suzhen (Swamp:3)
  Margery (Depths:4)
  Saint Roka (Depths:4)
  Nikola (Depths:2)
  5 caustic shrikes (Depths:4)
  4 bone dragons
  4 golden dragons
  the Enchantress (Depths:1)
  4 electric golems (Zot:1)
  A hellephant (Hell)
  2 tentacled monstrosities
  Zenata (Vaults:3)
  Rupert (Lair:3)
  2 walking earthen tomes (Depths:4)
  6 liches
  2 walking crystal tomes
  6 titans
  2 walking frostbound tomes
  3 walking divine tomes (Depths:4)
  2 deep elf blademasters (Elf:3)
  A quicksilver dragon (Depths:4)
  2 deep elf master archers (Elf:3)
  An ancient champion (Crypt:1)
  9 sphinxes
  5 death cobs (Zot:1)
  A revenant (Crypt:1)
  A thorn hunter (Swamp:1)
  4 tengu reavers
  4 storm dragons
  6 shadow dragons
  A fenstrider witch (Swamp:4)
  A draconian monk (Zot:1)
  17 frost giants
  8 deep elf sorcerers
  Aizul (Vaults:1)
  8 fire giants
  The ghost of Qemahefa the Bludgeoner, an adept GrFi of Okawaru (Swamp:2)
  5 iron dragons
  5 orc warlords
  14 vault wardens
  2 ghost moths (Spider:4)
  A curse skull (Crypt:1)
  2 caustic shrike zombies
  6 deep elf elementalists (Elf:3)
  4 reapers
  A draconian scorcher (Zot:1)
  5 emperor scorpions
  5 spriggan defenders
  A draconian annihilator (Depths:4)
  11 ironbound preservers
  8 eleionomae
  A war gargoyle (Vaults:2)
  20 stone giants
  2 broodmothers (Spider:4)
  17 very ugly things
  4 green draconians (Zot:1)
  5 deep elf demonologists
  5 vampire knights
  5 ironbound thunderhulks
  A rockslime zombie (Crypt:1)
  A minotaur (Gauntlet)
  2 putrid mouths
  A red draconian (Zot:1)
  A white draconian (Zot:1)
  9 deep elf annihilators
  6 entropy weavers
  12 spark wasps
  7 dire elephants
  The ghost of javelincjr the Thaumaturge, a journeyman DjCj (Lair:3)
  5 bunyips
  The ghost of Sadonosm the Carver, a journeyman DgSk (Lair:3)
  3 crystal guardians
  An eidolon (Crypt:1)
  A blizzard demon (Hell)
  9 deep elf death magi
  A green death (Depths:2)
  A shambling mangrove (Swamp:2)
  Josephine (D:12)
  11 ettins
  13 fire dragons
  8 ice dragons
  The ghost of Goybrar the Marksspriggan, a journeyman SpHu of Fedhas (Lair:3)
  5 jiangshi
  8 deep elf high priests
  9 yaktaur captains
  5 great orbs of eyes
  33 vault guards
  28 hydras
  12 boulder beetles
  3 ghost crabs
  9 radroaches
  9 rakshasas
  2 peacekeepers
  A hell beast (Depths:4)
  10 spriggan air magi
  14 centaur warriors
  A death knight (Crypt:1)
  9 two-headed ogres
  12 ironbound frosthearts
  2 ogre magi
  A catoblepas (Lair:5)
  7 dancing weapons
  16 deep troll shamans
  A two-headed ogre (shapeshifter) (D:15)
  13 alligators
  15 death yaks
  4 hell hogs
  5 tengu warriors
  6 orc high priests
  12 spriggan berserkers
  3 vampire magi
  13 deep troll earth magi
  6 deep elf knights
  Urug (Orc:2)
  14 spriggans
  11 skeletal warriors
  6 sun demons
  27 hell knights
  A sixfirhy (Depths:2)
  Nergalle (Lair:2)
  3 soul eaters (Depths:4)
  A spectral death yak (Lair:5)
  A death drake (Swamp:3)
  8 pharaoh ants
  11 goliath frogs
  A spectral anaconda (Lair:5)
  11 iron trolls
  4 flayed ghosts
  8 steelbarb worms
  10 orb spiders
  2 glowing orange brains
  A glowing orange brain (shapeshifter) (Elf:1)
  8 bog bodies
  42 deep trolls
  3 spriggan druids (Swamp:3)
  2 spectral hydras (Swamp:4)
  3 swamp dragons
  5 deep elf archers
  An obsidian statue (Lair:5)
  22 ironbound convokers
  13 orc knights
  10 phantasmal warriors
  8 wizards
  16 deep elf zephyrmancers
  5 lindwurms
  3 harpies (Vaults:1)
  17 necromancers
  A wolf spider zombie (D:15)
  23 deep elf pyromancers
  8 orc sorcerers
  An eleionoma zombie (Crypt:1)
  A shadow dragon skeleton (D:15)
  8 moths of wrath
  An oklob plant (Swamp:4)
  19 ugly things
  10 wolf spiders
  5 will-o-the-wisps
  16 slime creatures
  A dire elephant zombie (Lair:5)
  4 cyclopes
  A manticore (D:15)
  3 black mambas
  A stone giant skeleton (D:15)
  A centaur zombie (D:15)
  Maurice (D:10)
  6 elephants (Lair:5)
  2 rust devils
  An eleionoma skeleton (Crypt:1)
  3 ice statues (IceCv)
  An orange demon (Depths:1)
  A dire elephant skeleton (Lair:5)
  16 cane toads
  3 unseen horrors (D:11)
  13 vault sentinels
  6 torpor snails
  11 komodo dragons
  7 demonic crawlers
  6 smoke demons
  2 rime drakes (Lair:5)
  A green draconian zombie (Crypt:1)
  A rime drake (shapeshifter) (Elf:2)
  2 freezing wraiths
  35 yaktaurs
  5 swamp worm zombies (Swamp:4)
  5 ice devils
  8 tengu conjurers
  6 trolls
  2 bloated husks
  3 meliai (Spider:4)
  A meliai (shapeshifter) (D:15)
  3 hydra zombies (Swamp:4)
  A harpy zombie (D:15)
  A queen bee (Spider:4)
  5 red devils
  A polar bear (Lair:2)
  21 blink frogs
  13 hornets
  22 tarantellas
  A harpy skeleton (D:15)
  A culicivora zombie (Crypt:1)
  2 spectral elephants (Lair:5)
  2 spectral swamp dragons (Swamp:4)
  5 tyrant leeches
  5 alligator zombies (Swamp:4)
  A dream sheep (Lair:5)
  26 jumping spiders
  A spriggan zombie (D:15)
  A ynoxinul (Depths:2)
  30 culicivoras
  A fire bat (shapeshifter) (Depths:4)
  A naga simulacrum (Hell)
  2 water elementals
  10 wraiths
  4 wyverns
  4 fire bats (Gauntlet)
  A vampire (D:9)
  5 basilisks
  8 vampire mosquitoes
  3 fire elementals
  31 yaks
  5 steam dragons
  Grum (D:11)
  A golden eye (shapeshifter) (Vaults:5)
  41 redbacks
  A chaos spawn (Depths:2)
  3 death yak simulacra
  A harpy simulacrum (IceCv)
  3 wargs (Orc:2)
  18 swamp worms
  2 acid dragons
  2 hydra simulacra
  A floating eye (Depths:1)
  17 water moccasins
  A hell hound (Gauntlet)
  62 orc warriors
  An ice beast (Vaults:1)
  2 sky beasts
  A hornet zombie (D:15)
  4 swamp dragon zombies (Swamp:4)
  2 elephant zombies (Lair:5)
  21 ogres
  7 boggarts (Vaults:1)
  25 wolves
  6 centaurs
  2 elephant skeletons (Lair:5)
  An eye of devastation zombie (Crypt:1)
  4 phantoms
  16 bullfrogs
  4 kobold brigands
  3 earth elementals
  A gnoll sergeant (D:10)
  3 cane toad simulacra (IceCv)
  A yaktaur skeleton (Crypt:1)
  3 scorpions
  8 wights
  35 killer bees
  3 elephant simulacra
  12 electric eels
  3 howler monkeys
  3 lava snakes (Lair:3)
  3 crimson imps (Gauntlet)
  17 jellies
  31 orc priests
  3 hounds
  3 hell rats (Depths:4)
  6 iguanas
  22 orc wizards
  A wolf simulacrum (IceCv)
  A mummy (D:4)
  15 gnolls
  7 adders
  4 swamp drake zombies (Swamp:4)
  A shadow imp (D:8)
  2 white imps
  2 ufetubi
  2 worms
  6 dart slugs
  121 orcs
  8 bats
  2 endoplasms
  7 giant cockroaches
  11 goblins
  9 hobgoblins
  4 jackals (D:1)
  2 quokkas (D:4)
  8 ball pythons
  3 frilled lizards (D:1)
  2 frilled lizard skeletons (Crypt:1)
  23 kobolds
  3 rats
  A bush (Lair:4)
  3 plants
  A withered plant (Lair:5)
2037 creatures vanquished.

Vanquished Creatures (collateral kills)
  An ironbound preserver (Vaults:4)
  A death yak (Lair:5)
  3 dream sheep (Lair:5)
  A yak (Lair:5)
6 creatures vanquished.

Vanquished Creatures (others)
  A blizzard demon (Depths:4)
  An ironbound convoker (Vaults:2)
  A deep elf pyromancer (D:14)
  2 hell rats (Hell)
  2 orcs
  A goblin (D:3)
  A hobgoblin (D:3)
  A jackal (D:3)
  A kobold (D:3)
  2 quokkas (D:3)
  A ball python (D:3)
  A frilled lizard (D:3)
  4 foxfires (Swamp:2)
  51 fungi
  172 plants
  30 withered plants
272 creatures vanquished.

Grand Total: 2315 creatures vanquished

Notes
Turn   | Place    | Note
-------+----------+-------------------------------------------
     0 | D:1      | Pooter the Minotaur Berserker began the quest for the Orb.
     0 | D:1      | Reached XP level 1. HP: 19/19 MP: 0/0
   153 | D:1      | Reached skill level 4 in Axes
   262 | D:1      | Reached XP level 2. HP: 25/27 MP: 1/1
   410 | D:1      | Found a faded altar of an unknown god.
   674 | D:1      | Reached XP level 3. HP: 31/33 MP: 2/2
  1370 | D:2      | Reached skill level 5 in Axes
  1372 | D:2      | Reached ** piety under Trog
  1462 | D:2      | Found a shimmering altar of Xom.
  1924 | D:2      | Reached XP level 4. HP: 40/41 MP: 3/3
  1976 | D:3      | Identified 2 scrolls of acquirement
  1976 | D:3      | Acquired a manual of Axes
  1978 | D:3      | Acquired the +3 Mad Mage's Maulers {Infuse+∞ RegenMP Int-3}
  1978 | D:3      | Found the +3 Mad Mage's Maulers {Infuse+∞ RegenMP Int-3}
  2405 | D:3      | Found a shimmering altar of Xom.
  2523 | D:3      | Reached skill level 6 in Axes
  2574 | D:3      | Reached XP level 5. HP: 47/47 MP: 1/4
  2576 | D:3      | Reached skill level 5 in Fighting
  3003 | D:4      | Reached skill level 7 in Axes
  3212 | D:4      | Noticed a phantom
  3218 | D:4      | Killed a phantom
  3219 | D:4      | Reached skill level 8 in Axes
  3219 | D:4      | Reached XP level 6. HP: 56/56 MP: 1/5
  3358 | D:4      | Found a snail-covered altar of Cheibriados.
  3618 | D:4      | Reached skill level 9 in Axes
  4040 | D:5      | Entered Level 5 of the Dungeon
  4186 | D:5      | Reached skill level 10 in Axes
  4186 | D:5      | Reached XP level 7. HP: 63/63 MP: 0/6
  4544 | D:5      | Found a broken altar of Ashenzari.
  4547 | D:5      | Found a white marble altar of Elyvilon.
  4551 | D:5      | Found a hazy altar of Hepliaklqana.
  4920 | D:5      | Reached skill level 11 in Axes
  4920 | D:5      | Reached skill level 1 in Ranged Weapons
  5324 | D:6      | Reached skill level 12 in Axes
  5324 | D:6      | Reached XP level 8. HP: 67/73 MP: 0/7
  5546 | D:6      | Acquired a +4 vampiric broad axe
  5548 | D:6      | Acquired the +1 hat of Xom's Envy {Harm Rampage MP+9}
  5560 | D:6      | Acquired the +1 pair of gloves of Greed {rCorr}
  5822 | D:6      | Reached skill level 1 in Evocations
  6013 | D:6      | Reached skill level 13 in Axes
  6014 | D:6      | Reached *** piety under Trog
  6336 | D:7      | Found a staircase to the Ecumenical Temple.
  6360 | D:6      | Reached skill level 5 in Ranged Weapons
  6415 | D:7      | Reached XP level 9. HP: 76/81 MP: 1/8
  6531 | D:7      | Reached skill level 14 in Axes
  7289 | D:8      | Noticed a two-headed ogre
  7299 | D:8      | Killed a two-headed ogre
  7300 | D:8      | Reached skill level 15 in Axes
  7780 | D:8      | Gained mutation: Potions are less effective at restoring
                  | your health. [potion of mutation]
  7780 | D:8      | Gained mutation: Your mind is acute. (Int +4, Str/Dex -1)
                  | [potion of mutation]
  7781 | D:8      | Lost mutation: Potions are less effective at restoring your
                  | health. [potion of mutation]
  7781 | D:8      | Lost mutation: Your mind is acute. (Int +4, Str/Dex -1)
                  | [potion of mutation]
  7781 | D:8      | Gained mutation: You are weak. (Str -2) [potion of
                  | mutation]
  7781 | D:8      | Gained mutation: You occasionally lose the ability to read
                  | scrolls when taking damage. [potion of mutation]
  7781 | D:8      | Gained mutation: You expend magic power (3 MP) to
                  | strengthen your wands. [potion of mutation]
  7781 | D:8      | Gained mutation: You have supernaturally acute eyesight.
                  | (SInv) [potion of mutation]
  7782 | D:8      | Lost mutation: You are weak. (Str -2) [potion of mutation]
  7782 | D:8      | Lost mutation: You have supernaturally acute eyesight.
                  | (SInv) [potion of mutation]
  7782 | D:8      | Lost mutation: You occasionally lose the ability to read
                  | scrolls when taking damage. [potion of mutation]
  7782 | D:8      | Gained mutation: You are occasionally teleported next to
                  | monsters. [potion of mutation]
  7783 | D:8      | Lost mutation: You expend magic power (3 MP) to strengthen
                  | your wands. [potion of mutation]
  7783 | D:8      | Lost mutation: You are occasionally teleported next to
                  | monsters. [potion of mutation]
  7783 | D:8      | Gained mutation: You passively map a small area around you.
                  | [potion of mutation]
  7783 | D:8      | Gained mutation: You have large cloven feet. [potion of
                  | mutation]
  7867 | D:8      | Reached XP level 10. HP: 86/90 MP: 9/9
  8890 | D:9      | Reached skill level 16 in Axes
  9735 | D:10     | Entered Level 10 of the Dungeon
  9780 | D:10     | Found a flagged portal.
  9830 | Bailey   | Entered a bailey
  9842 | Bailey   | Noticed an orc warlord
  9970 | Bailey   | Reached **** piety under Trog
 10037 | Bailey   | Found a runed translucent gate.
 10037 | Bailey   | Found a runed translucent gate.
 10044 | Bailey   | Found a runed translucent gate.
 10246 | Bailey   | Killed an orc warlord
 10247 | Bailey   | Reached skill level 10 in Fighting
 10247 | Bailey   | Reached skill level 5 in Evocations
 10247 | Bailey   | Reached XP level 11. HP: 99/99 MP: 0/10
 10318 | Bailey   | Acquired the +11 executioner's axe of Zin's Castigation
                  | {flame, *Noise *Slow rF+ Int+9}
 10564 | D:10     | Noticed Maurice
 10566 | D:10     | Killed Maurice
 11328 | D:10     | Reached skill level 10 in Ranged Weapons
 11518 | D:10     | Noticed a purple ugly thing
 11525 | D:10     | Killed a purple ugly thing
 11526 | D:10     | Reached skill level 17 in Axes
 11598 | D:10     | Found a staircase to the Lair.
 11713 | Lair:1   | Entered Level 1 of the Lair of Beasts
 11788 | Lair:1   | Noticed a five-headed hydra
 11794 | Lair:1   | Killed a four-headed hydra
 12692 | Lair:1   | Noticed a four-headed hydra
 12696 | Lair:1   | Killed a four-headed hydra
 12802 | Lair:1   | Reached XP level 12. HP: 110/110 MP: 11/11
 13063 | Lair:2   | Noticed a four-headed hydra
 13064 | Lair:2   | Killed a three-headed hydra
 13074 | Lair:2   | Reached skill level 18 in Axes
 13206 | Lair:2   | Found a staircase to the Swamp.
 13307 | Lair:2   | Noticed a four-headed hydra
 13322 | Lair:2   | Killed a two-headed hydra
 13411 | Lair:2   | Noticed a seven-headed hydra
 13414 | Lair:2   | Killed a seven-headed hydra
 13492 | Lair:2   | Noticed Nergalle
 13498 | Lair:2   | Killed Nergalle
 14138 | Lair:2   | Noticed a death yak
 14143 | Lair:2   | Killed a death yak
 14145 | Lair:2   | Reached ***** piety under Trog
 14152 | Lair:2   | Noticed a six-headed hydra
 14156 | Lair:2   | Killed a six-headed hydra
 14481 | Lair:2   | Paralysed by a hornet for 3 turns
 14486 | Lair:2   | Reached skill level 19 in Axes
 14953 | Lair:3   | Noticed Rupert
 14957 | Lair:3   | Killed Rupert
 14958 | Lair:3   | Reached XP level 13. HP: 118/118 MP: 1/12
 15018 | Lair:3   | You fall into a shaft and drop 2 floors!
 15018 | Lair:5   | Entered Level 5 of the Lair of Beasts
 15137 | Lair:3   | Found a frozen archway.
 15168 | IceCv    | Entered an ice cave
 15708 | Lair:3   | Found a runed translucent gate.
 15708 | Lair:3   | Found a runed translucent gate.
 15709 | Lair:3   | Found a runed translucent gate.
 15710 | Lair:3   | Noticed Sadonosm's ghost (journeyman DgSk)
 15711 | Lair:3   | Noticed javelincjr's ghost (journeyman DjCj)
 15711 | Lair:3   | Noticed Goybrar's ghost (journeyman SpHu)
 15725 | Lair:3   | Killed Sadonosm's ghost
 15727 | Lair:3   | Killed Goybrar's ghost
 15731 | Lair:3   | Killed javelincjr's ghost
 16120 | Lair:3   | Found a hole to the Spider Nest.
 16132 | Lair:3   | HP: 5/119 [poisoned by a redback]
 18296 | Lair:5   | Reached skill level 20 in Axes
 18587 | Lair:5   | Reached XP level 14. HP: 106/129 MP: 1/13
 18801 | Lair:5   | Reached skill level 15 in Ranged Weapons
 19115 | Lair:5   | Found a staircase to the Slime Pits.
 19115 | Lair:5   | Found a viscous altar of Jiyva.
 19612 | Lair:5   | Reached skill level 21 in Axes
 20314 | D:11     | Found Juq Qile's Weapon Shoppe.
 20337 | D:11     | Received a gift from Trog
 20424 | D:11     | Found Tity's Armour Emporium.
 20424 | D:11     | Found a staircase to the Orcish Mines.
 20468 | D:11     | You are sucked into a shaft and drop 2 floors!
 20533 | D:12     | Noticed Josephine
 20537 | D:12     | Killed Josephine
 20616 | D:11     | Found a gate leading to a gauntlet.
 20616 | D:11     | Noticed Grum
 20625 | D:11     | Killed Grum
 20627 | D:11     | Reached XP level 15. HP: 138/138 MP: 0/14
 20632 | Gauntlet | Entered a Gauntlet
 20632 | Gauntlet | Found a transporter.
 20632 | Gauntlet | Found a runed translucent door.
 20673 | Gauntlet | Found a runed translucent door.
 20679 | Gauntlet | Found a transporter.
 20681 | Gauntlet | Found a transporter.
 20759 | Gauntlet | Found a transporter.
 20818 | Gauntlet | Found a transporter.
 20818 | Gauntlet | Found a transporter.
 20879 | Gauntlet | Found a transporter.
 20916 | Gauntlet | Found a transporter.
 20916 | Gauntlet | Found a transporter.
 20964 | Gauntlet | Identified the +1 hat of the Shining Light {rF+ Str+4}
 20979 | Gauntlet | Identified the ring "Meampat" {rPois SInv}
 21035 | Gauntlet | Identified the +1 pair of boots of Ru's Generosity {rPois
                  | rC+ rN+}
 21035 | Gauntlet | Identified the +1 leather armour "Mouzot" {rElec}
 21401 | Orc:1    | Entered Level 1 of the Orcish Mines
 21510 | Orc:1    | Reached skill level 22 in Axes
 21510 | Orc:1    | Reached skill level 10 in Evocations
 22231 | Orc:2    | Entered Level 2 of the Orcish Mines
 22868 | Orc:2    | Noticed Urug
 22873 | Orc:2    | Killed Urug
 25472 | Orc:2    | Received a gift from Trog
 26431 | Orc:2    | Found a staircase to the Elven Halls.
 26579 | Orc:2    | Noticed an orc warlord
 26593 | Orc:2    | Killed an orc warlord
 26688 | Orc:2    | Found Yvurphunn's Distillery.
 26696 | Orc:2    | Bought a potion of curing for 30 gold pieces
 26696 | Orc:2    | Bought a potion of heal wounds for 50 gold pieces
 26696 | Orc:2    | Bought a potion of degeneration for 10 gold pieces
 26771 | Orc:2    | Found Baliupt Maku's Armour Shoppe.
 26785 | Orc:2    | Bought the +9 plate armour of Fedhas's Envy {Str+3} for
                  | 1300 gold pieces
 26828 | Orc:2    | Received a gift from Trog
 26831 | Orc:2    | Reached skill level 15 in Fighting
 27215 | Orc:2    | Noticed an orc warlord
 27219 | Orc:2    | Killed an orc warlord
 27475 | Orc:2    | Found Lydd's Book Boutique.
 27525 | Orc:2    | Found Unir's Book Shop.
 28352 | D:13     | Reached skill level 23 in Axes
 28570 | D:13     | Found Umakael's Distillery.
 28585 | D:13     | Bought a potion of mutation for 128 gold pieces
 28585 | D:13     | Bought a potion of resistance for 160 gold pieces
 28585 | D:13     | Bought a potion of haste for 160 gold pieces
 28825 | D:13     | Reached skill level 1 in Throwing
 28883 | D:13     | Acquired 862 gold pieces
 28934 | D:13     | Identified the +1 ring mail of the Black Moon {Rampage
                  | rElec Regen+ Int-5}
 29485 | D:14     | Reached skill level 1 in Stealth
 29736 | D:14     | Reached XP level 16. HP: 149/149 MP: 15/15
 31164 | D:14     | Found a gate to the Vaults.
 31830 | D:15     | Entered Level 15 of the Dungeon
 31934 | D:15     | Received a gift from Trog
 32043 | D:15     | Found a staircase to the Depths.
 33008 | Spider:1 | Entered Level 1 of the Spider Nest
 33739 | Spider:1 | Reached skill level 5 in Armour
 34757 | Spider:1 | Reached ****** piety under Trog
 34758 | Spider:1 | Reached skill level 5 in Dodging
 36304 | Spider:2 | Received a gift from Trog
 36858 | Spider:3 | Reached skill level 24 in Axes
 38431 | Spider:3 | Reached XP level 17. HP: 158/158 MP: 16/16
 39562 | Spider:4 | Entered Level 4 of the Spider Nest
 39567 | Spider:4 | Reached skill level 5 in Throwing
 40302 | Spider:4 | Received a gift from Trog
 41058 | Spider:4 | Reached skill level 5 in Stealth
 43903 | Spider:4 | Got a gossamer rune of Zot
 44057 | Swamp:1  | Entered Level 1 of the Swamp
 45112 | Swamp:1  | Identified the +8 ring mail of Patience {rElec Str+3 Int+3}
 45166 | Swamp:1  | Received a gift from Trog
 45972 | Swamp:2  | Reached skill level 10 in Armour
 46164 | Swamp:2  | Reached XP level 18. HP: 169/169 MP: 17/17
 46166 | Swamp:2  | Found a runed translucent door.
 46167 | Swamp:2  | Noticed Qemahefa's ghost (adept GrFi)
 46178 | Swamp:2  | Killed Qemahefa's ghost
 47031 | Swamp:3  | Received a gift from Trog
 47583 | Swamp:4  | Entered Level 4 of the Swamp
 48647 | Swamp:4  | Noticed a bone dragon
 48651 | Swamp:4  | Noticed Bai Suzhen
 48660 | Swamp:3  | Killed a bone dragon
 48715 | Swamp:3  | Killed Bai Suzhen
 49410 | Swamp:4  | Received a gift from Trog
 51466 | Swamp:4  | Got a decaying rune of Zot
 53099 | Elf:1    | Entered Level 1 of the Elven Halls
 57157 | Elf:2    | Reached XP level 19. HP: 156/178 MP: 18/18
 57333 | Elf:2    | Found Defeps's General Store.
 57341 | Elf:2    | Bought a potion of heal wounds for 105 gold pieces
 57368 | Elf:2    | Found Buirupt's Book Boutique.
 57444 | Elf:2    | Found Bikehum's Book Emporium.
 57545 | Elf:2    | Found a runed translucent gate.
 57545 | Elf:2    | Found a runed translucent gate.
 57546 | Elf:2    | Found a runed translucent gate.
 57848 | Elf:3    | Entered Level 3 of the Elven Halls
 57983 | Elf:3    | Identified the +7 great mace "Isopteif" {flame, Fly}
 59035 | Elf:3    | Identified the +6 great mace "Yharuhef" {drain, Stlth+}
 59035 | Elf:3    | Identified the amulet of Accord {Faith +Blink Str+5}
 60090 | Elf:3    | Received a gift from Trog
 62711 | Elf:3    | Reached skill level 10 in Dodging
 63092 | Elf:3    | Identified the +8 war axe "Casyamed" {vorpal, Str+5 Dex+2}
 63093 | Elf:3    | Identified the +8 longbow of Tumult {freeze, rF++ SInv}
 63763 | Vaults:1 | Entered Level 1 of the Vaults
 64465 | Vaults:1 | Reached skill level 25 in Axes
 64868 | Vaults:1 | Received a gift from Trog
 64885 | Vaults:1 | HP: 8/271 [vault warden/+2 vorpal great mace (28)]
 65773 | Vaults:1 | Reached XP level 20. HP: 91/189 MP: 0/19
 65893 | Vaults:1 | Noticed Aizul
 65896 | Vaults:1 | Killed Aizul
 66905 | Vaults:1 | Received a gift from Trog
 68382 | Vaults:2 | Found a staircase to the Crypt.
 68382 | Vaults:2 | Found an ancient bone altar of Kikubaaqudgha.
 68387 | Vaults:2 | Found a basalt altar of Yredelemnul.
 68442 | Crypt:1  | Entered Level 1 of the Crypt
 68449 | Crypt:1  | Noticed Boris
 68462 | Crypt:1  | Killed Boris
 69383 | Crypt:1  | Noticed Vv
 70233 | Vaults:2 | Received a gift from Trog
 71476 | Vaults:3 | Reached skill level 10 in Stealth
 72460 | Lair:3   | Found a runed translucent door.
 72570 | Lair:3   | Found a runed translucent gate.
 72570 | Lair:3   | Found a runed translucent gate.
 72570 | Lair:3   | Found a runed translucent gate.
 72570 | Lair:3   | Found a runed translucent gate.
 72571 | Lair:3   | Found a runed translucent gate.
 72572 | Lair:3   | Found a runed translucent gate.
 72755 | Lair:3   | Identified the ring of Migiq {rF+ rC++ Will+ Int+6}
 74034 | Vaults:3 | Noticed Zenata
 74044 | Vaults:3 | Killed Zenata
 74256 | Vaults:3 | Found a runed translucent gate.
 74256 | Vaults:3 | Found a runed translucent gate.
 74256 | Vaults:3 | Found a runed translucent gate.
 74257 | Vaults:3 | Noticed Nornya's ghost (veteran MfSu)
 74279 | Vaults:3 | Noticed Boris
 74287 | Vaults:3 | Killed Boris
 74358 | Vaults:3 | Found a transporter.
 74977 | Vaults:3 | Found a transporter.
 75045 | Vaults:3 | Found an iron altar of Okawaru.
 75538 | Vaults:4 | Reached XP level 21. HP: 138/200 MP: 0/20
 75540 | Vaults:4 | Received a gift from Trog
 75723 | Vaults:4 | Reached skill level 26 in Axes
 76897 | Vaults:4 | Noticed an ancient lich
 76905 | Vaults:4 | Killed an ancient lich
 77835 | Depths:1 | Entered Level 1 of the Depths
 79369 | Depths:1 | Found a gateway to Hell.
 80215 | Depths:1 | Noticed the Enchantress
 80219 | Depths:1 | Killed the Enchantress
 80272 | Depths:1 | Identified the +1 leather armour of Heuvim {rCorr}
 81296 | Depths:1 | Acquired a manual of Armour
 81534 | Depths:1 | Found an ancient bone altar of Kikubaaqudgha.
 81658 | Depths:1 | Noticed an ancient lich
 81669 | Depths:1 | Killed an ancient lich
 81685 | Depths:1 | Reached XP level 22. HP: 213/213 MP: 0/21
 82743 | Depths:1 | Found a one-way gate leading to the halls of Pandemonium.
 82831 | Depths:1 | Glimpsed the power of Zot.
 82973 | Depths:1 | Noticed a golden dragon
 82982 | Depths:1 | Killed a golden dragon
 83091 | Depths:1 | Found a one-way gateway to a ziggurat.
 83171 | Depths:2 | Noticed Nikola
 83283 | Depths:2 | Killed Nikola
 84040 | Depths:2 | Received a gift from Trog
 84061 | Depths:2 | Reached skill level 27 in Axes
 85356 | Depths:2 | Found a one-way gate to the infinite horrors of the Abyss.
 85446 | Depths:2 | Reached skill level 15 in Armour
 85485 | Depths:2 | Identified the +7 great mace "Daxeddeh" {drain, rC+ rN+
                  | Str+4 SInv}
 86664 | Depths:3 | Received a gift from Trog
 88737 | Depths:3 | You are sucked into a shaft and drop 1 floor!
 88737 | Depths:4 | Entered Level 4 of the Depths
 88869 | Depths:3 | Noticed a golden dragon
 88877 | Depths:3 | Killed a golden dragon
 91075 | Depths:4 | Noticed a caustic shrike
 91088 | Depths:4 | Killed a caustic shrike
 91362 | Depths:4 | Noticed a caustic shrike
 91368 | Depths:4 | Killed a caustic shrike
 91369 | Depths:4 | Reached XP level 23. HP: 207/223 MP: 0/22
 91371 | Depths:4 | Noticed a caustic shrike
 91373 | Depths:4 | Noticed a caustic shrike
 91377 | Depths:4 | Noticed a caustic shrike
 91383 | Depths:4 | Killed a caustic shrike
 91386 | Depths:4 | Killed a caustic shrike
 91387 | Depths:4 | Killed a caustic shrike
 91508 | Depths:4 | Noticed Margery
 91706 | Depths:4 | Killed Margery
 91767 | Depths:4 | Found a stormy altar of Qazlal.
 91769 | Depths:4 | Found a shimmering altar of Xom.
 91771 | Depths:4 | Found a sparkling altar of Nemelex Xobeh.
 93801 | Depths:4 | Noticed Mennas
 94145 | Depths:4 | Killed Mennas
 94647 | Depths:4 | Identified the ring "Ybem Mus" {MP+9 Int+3}
 94647 | Depths:4 | Noticed Saint Roka
 94654 | Depths:4 | Killed Saint Roka
 94670 | Depths:4 | Identified the +6 broad axe of Neaf {freeze, MP-9 Int-2
                  | Dex+7 Stlth+}
 94679 | Depths:4 | HP: 14/337 [death yak[a spriggan berserker] (21)]
 95249 | Depths:4 | Paralysed by a vampire knight for 3 turns
 95613 | Depths:4 | Noticed a juggernaut
 95616 | Depths:4 | Killed a juggernaut
 95819 | Depths:4 | Found a gate to the Realm of Zot.
 96220 | Depths:4 | Received a gift from Trog
 96594 | Hell     | Entered the Vestibule of Hell
 96594 | Hell     | Noticed Geryon
 97623 | Crypt:1  | Killed Vv
 97814 | Crypt:1  | Reached skill level 15 in Evocations
 98082 | Crypt:1  | Identified the +4 ring mail of the Flute {rN+ Will+ Regen+
                  | Slay-3}
100890 | Vaults:5 | Entered Level 5 of the Vaults
100893 | Vaults:5 | Reached XP level 24. HP: 229/236 MP: 0/22
101143 | Vaults:5 | Got a silver rune of Zot
101362 | Vaults:5 | Identified the +3 rapier "Wown" {pain, Fly Int+2}
101377 | Vaults:5 | Identified the ring "Sail" {rPois rF+ MP+9}
101383 | Vaults:5 | HP: 16/334 [vault guard/+0 morningstar (8)]
101387 | Vaults:5 | HP: 7/336 [poisoned by a deep elf annihilator (poison
                  | arrow)]
101395 | Vaults:5 | HP: 6/224 [storm dragon (10)]
102413 | Zot:1    | Entered Level 1 of the Realm of Zot
102418 | Zot:1    | Noticed an ancient lich
103026 | Zot:1    | Killed an ancient lich
104099 | Zot:1    | Found a shimmering blue altar of Sif Muna.
104115 | Zot:1    | HP: 6/357 [storm dragon/bolt of lightning (15)]
104116 | Zot:1    | Mangled by a white draconian

Illustrated notes

Levels and vault maps discovered:
D:1:      lightli_arrival_boilingwater, layout_basic,
          dreamdust_ecumenical_altar_hidden_monk_grotto, reono_crystal_passage,
          st_stairs_14
D:2:      layout_rooms, basic_altar, nicolae_figureground_pulse
D:3:      layout_loops_ring, xom_confusion_cloud, serial_forest,
          infiniplex_forest_clump_cross, infiniplex_forest_clump_double,
          infiniplex_forest_lined_3, infiniplex_forest_clump_curved,
          infiniplex_forest_lined_2, infiniplex_forest_lined_2,
          infiniplex_forest_clump_curved, infiniplex_forest_clump_double,
          kennysheep_generic_room_6
D:4:      layout_gridville, slow_altar_1
D:5:      layout_loops_corners, grunt_temple_overflow_diamond, grunt_decor_cap,
          corexii_shack, minmay_fractal_squares_5
D:6:      layout_loops_ring
D:7:      layout_basic, minmay_temple_entry_drinking_statues
D:8:      layout_loops_ring, nicolae_kite_square_tiling_tiny
D:9:      layout_basic, ebering_dispersal_statue_hall,
          nicolae_figureground_sparkle
D:10:     layout_small_grid, grunt_lair_entry_orc_guard_hut, enter_bailey_6,
          uniq_maurice
D:11:     layout_rooms, orc_david_3, gauntlet_entry_generic, special_room
          [special_room_orc], serial_shops, shop, uniq_grum
D:12:     layout_loops_cross, uniq_josephine
D:13:     layout_cave_pods, serial_shops, shop
D:14:     minmay_skewed_foursquare, layout_loops_ring,
          grunt_vaults_entry_fortified
D:15:     gammafunk_depths_entry_grave, layout_irregular_city
Lair:1:   layout_cave_pods, serial_bayou, serial_bayou_lake_a,
          serial_bayou_lagoon_a, serial_bayou_shore_a, serial_bayou_pond_c,
          serial_bayou_crossing
Lair:2:   layout_hall_layers, minmay_swamp_entry_eels, serial_bayou,
          serial_bayou_pond_d, serial_bayou_shore_b, serial_bayou_lagoon_b,
          serial_bayou_shore_b, uniq_nergalle
Lair:3:   gammafunk_indiana_jones, layout_regular_city,
          nicolae_spider_entry_tight_spaces, portal_ice_cave_demonic_guard,
          gammafunk_ghost_cemetery, nicolae_lair_grove_arrangements, uniq_rupert
Lair:4:   layout_roguey
Lair:5:   due_jungle_book, layout_regular_city, minmay_slime_entry_jelly_boxes,
          st_stairs_8, serial_bayou_pond_e, lemuel_fruit_tree
Swamp:1:  layout_basic_swamp, evilmike_swamp_ruin_house_4, swamp_pool1,
          nicolae_swamp_no_escape, infiniplex_staircase_pool
Swamp:2:  layout_basic_swamp, ebering_ghost_inner_flame,
          infiniplex_staircase_pool_2, swamp_pool1
Swamp:3:  layout_falls_marsh, evilmike_swamp_ruin_house_2
Swamp:4:  swamp_pestilence, layout_basic_swamp, swamp_pool1, uniq_bai_suzhen
Spider:1: layout_spider_delve, hangedman_spider_tarantella_strand
Spider:2: layout_spider_delve
Spider:3: layout_spider_delve, hellmonk_watch_for_rolling_rocks
Spider:4: guppyfry_spider_rune, nicolae_looking_at_the_future
Orc:1:    layout_caves
Orc:2:    pubby_orc_utopia, serial_shops, uniq_urug
Elf:1:    eino_elf_arrival_sip, layout_gridlike, serial_co_window_serial,
          co_window_of_opportunity_a, co_window_cross_1, co_window_corner_a,
          co_window_of_opportunity_a, co_window_corner_a,
          co_window_of_opportunity_a, co_window_paths_a, co_window_corner_b,
          co_window_2corner, co_window_corner_ca, co_window_2corner,
          co_window_corner_b, co_window_4corner_b, co_window_4corner_a,
          kennysheep_underground_church
Elf:2:    elven_hall_of_blades_hangedman_original
          [nicolae_blade_entry_sentries_behind_glass], layout_loops_corners,
          serial_shops, nicolae_shop_advertising_works
          [nicolae_subvault_shop_adworks], nicolae_stop_n_shop_2, shop,
          uniq_azrael
Elf:3:    minmay_elf_hall_four_x, layout_geoelf_diagonals,
          hangedman_elven_ridges, glass_columns_b, minivault_5, minivault_26
Vaults:1: nicolae_vaults_specimen_jars, nicolae_vaults_big_ls, serial_ice_g,
          nicolae_vaults_little_ls, hangedman_vaults_stagger,
          nicolae_vaults_alarming, nicolae_vaults_twisting_passages, v_rooms_1,
          dpeg_vaults_monster_box, ontoclasm_vaults_ligature,
          layout_vaults_omnicross, uniq_aizul
Vaults:2: nicolae_vaults_good_morning_starshine, nicolae_vaults_network_square,
          minmay_crypt_entry_necro_gods, v_misc_17,
          nicolae_vaults_diagonal_hallway_6, grunt_vaults_hallway_long,
          nicolae_vaults_bisected_slash, v_alt_pattern_1, hangedman_vaults_hat,
          grunt_vaults_hallway_long, nicolae_vaults_mini_display_case,
          vaults_mumra_minichess, vaults_dpeg_encased_lava,
          layout_vaults_omnibox
Vaults:3: gammafunk_ghost_fury_of_okawaru, hangedman_vaults_slice, v_misc_29,
          gammafunk_sealed_arena, vaults_room_corners, hangedman_vaults_corner,
          grunt_vaults_hallway_long, vaults_dpeg_cross, layout_vaults_omnigrid,
          uniq_zenata
Vaults:4: nicolae_vaults_what_the_h, nicolae_vaults_halls_meeting, v_misc_29,
          vaults_mumra_lcd, vaults_room_stairs_pillars,
          nicolae_vaults_sealed_display, v_misc_10, v_pattern_1,
          layout_vaults_big_room
Vaults:5: uniq_jory
Crypt:1:  layout_basic, uniq_boris, uniq_vv
Depths:1: minmay_the_grid_octo_tiled_octocenter [minmay_the_grid_octo_horde,
          minmay_the_grid_octo_fan_narrow, minmay_the_grid_octo_toaster,
          minmay_the_grid_octo_teeth, minmay_the_grid_octo_prize_big_c,
          minmay_the_grid_square_5x5_slash,
          minmay_the_grid_square_5x5_beaten_path,
          minmay_the_grid_square_5x5_tri_point,
          minmay_the_grid_square_5x5_shrine2], layout_gridville,
          enter_ziggurat_f, rand_demon_pan_entry_4, hell_entry, special_room
          [special_room_magic_class], hellmonk_bongcloud_opening,
          nicolae_kikubaaqudgha_miasma_corner, uniq_enchantress
Depths:2: minmay_octagon_keep, layout_cave_pools, grunt_pan_entry_sceptre,
          hell_entry, marbit_kobold_abyss_entry, uniq_nikola
Depths:3: dreamdust_hydra_shepherd, layout_cave_shapes, abyss_entry_glasseish,
          grunt_metal_band, hex_tiny
Depths:4: hangedman_slaughterboxes, hell_entry, pan_entry, uniq_saint_roka,
          uniq_grunn, uniq_margery, uniq_mennas
Hell
Zot:1:    ebering_greatest_show_in_zot, layout_twisted_circle, basic_altar,
          st_small_dragon_hoard_4, st_stairs_12, hangedman_zot_wheel_spokes

Skill      XL: |  1  2  3  4  5  6  7  8  9 10 11 12 13 14 15 16 17 18 19 20 21 22 23 24 |
---------------+-------------------------------------------------------------------------+-----
Axes           | 4 5 6 8 10 12 13 15 16 17 19 20 21 23 24 25 26 27 | 27.0
Fighting       | 4 5 6 7 8 10 11 12 13 14 15 16 17 18 19 21 22 23 24 | 24.2
Ranged Weapons | 3 5 7 9 11 13 14 16 17 18 19 20 21 22 23 | 23.4
Evocations     | 2 3 5 6 7 8 9 10 11 12 13 15 16 | 16.0
Throwing       | 1 4 6 7 |  7.8
Armour         | 3 6 10 12 13 17 20 21 | 21.2
Stealth        | 1 4 5 7 8 10 | 10.0
Dodging        | 3 5 7 9 10 12 | 12.2

Action                   |  1- 3 |  4- 6 |  7- 9 | 10-12 | 13-15 | 16-18 | 19-21 | 22-24 || total
-------------------------+-------+-------+-------+-------+-------+-------+-------+-------++-------
Melee: Hand axe          |    31 |       |       |       |       |       |       |       ||    31
       Headbutt          |    10 |    12 |    12 |    30 |    84 |    48 |    81 |   111 ||   388
       Punch             |     1 |       |     1 |       |       |       |       |       ||     2
       Flail             |    24 |       |       |       |       |       |       |       ||    24
       War axe           |    38 |    98 |    30 |       |       |       |       |       ||   166
       Broad axe         |       |       |    85 |   118 |       |       |       |       ||   203
       Executioner's axe |       |       |       |   133 |   389 |   381 |   396 |   459 ||  1758
       Battleaxe         |       |       |       |       |    48 |       |       |       ||    48
 Fire: Shortbow          |       |       |    55 |    35 |    98 |       |       |       ||   188
       Arbalest          |       |       |       |       |   251 |   802 |   642 |   434 ||  2129
Throw: Dart              |       |     2 |       |       |       |       |       |       ||     2
       Stone             |       |    12 |       |       |       |       |       |       ||    12
       Javelin           |       |       |     3 |    10 |       |       |       |     1 ||    14
       Boomerang         |       |       |       |    44 |    39 |    46 |    16 |    23 ||   168
Invok: Berserk           |     1 |     6 |     3 |     6 |     8 |     5 |    12 |    19 ||    60
       Trog's Hand       |       |     2 |     7 |    14 |    24 |    10 |    39 |    38 ||   134
       Brothers in Arms  |       |       |       |       |     1 |       |       |     2 ||     3
Evoke: Wand              |       |       |     1 |    57 |     5 |     9 |    18 |    20 ||   110
       Tin of tremorston |       |       |       |       |     3 |     4 |     9 |     7 ||    23
       Condenser vane    |       |       |       |       |       |     1 |     5 |     4 ||    10
       Box of beasts     |       |       |       |       |       |       |     1 |       ||     1
  Use: Scroll            |     1 |     6 |    11 |    11 |    24 |     8 |    10 |    24 ||    95
       Potion            |       |       |     4 |     1 |     6 |     3 |     2 |    28 ||    44
 Stab: Invisible         |       |       |       |     1 |       |       |       |     5 ||     6
       Distracted        |       |       |       |       |     1 |       |     2 |     2 ||     5
       Paralysed         |       |       |       |       |       |     1 |     1 |     6 ||     8
       Sleeping          |       |       |       |       |       |       |    14 |     3 ||    17
Armor: Animal skin       |    19 |       |       |       |       |       |       |       ||    19
       Ring mail         |     4 |    33 |       |       |       |    14 |   148 |   119 ||   318
       Chain mail        |       |    11 |    22 |   123 |   227 |       |       |       ||   383
       Scale mail        |       |       |    50 |     4 |       |       |       |       ||    54
       Plate armour      |       |       |       |       |    72 |   426 |       |       ||   498
       Gold dragon scale |       |       |       |       |       |       |       |   284 ||   284
Dodge: Dodged            |    80 |    44 |    58 |   108 |   165 |   263 |   198 |   364 ||  1280
Block: Kite shield       |       |    24 |     8 |       |       |       |       |       ||    32
       Other             |       |       |       |       |       |     8 |    65 |   119 ||   192
       Reflection        |       |       |       |       |       |     3 |    14 |     3 ||    20
